 Dungeon Crawl Stone Soup version 0.32-a0-18-g89e19f1974 (webtiles) character file.

Game seed: 14713560200579725218

259 p00ps00p the Trooper (level 6, -5/56 HPs)
             Began as a Hill Orc Fighter on Jan 16, 2024.
             Slain by a gnoll
             ... wielding a +0 halberd
              (9 damage)
             ... on level 3 of the Dungeon.
             The game lasted 00:02:20 (1887 turns).

p00ps00p the Trooper (Hill Orc Fighter)             Turns: 1887, Time: 00:02:20

Health: -5/56      AC: 10    Str: 21    XL:     6   Next: 17%
Magic:  6/6        EV:  8    Int:  8    God:
Gold:   120        SH:  4    Dex: 10    Spells: 5/5 levels left

rFire   . . .        a - +0 war axe
rCold   . . .        c - +0 buckler
rNeg    . . .        h - +0 chain mail
rPois   .            (no helmet)
rElec   .            (no cloak)
rCorr   .            j - +0 pair of gloves
SInv    .            (no boots)
Will    .....        (no amulet) Stlth
                     (no ring)
HPRegen 0.29/turn    (no ring)
MPRegen 0.10/turn

%: no passive effects
@: no status effects
A: no striking features
a: no special abilities


You were on level 3 of the Dungeon.
You visited 1 branch of the dungeon, and saw 3 of its levels.

You collected 120 gold pieces.

Inventory:

Hand Weapons
 a - a +0 war axe (weapon)
Missiles
 g - 3 poisoned darts (quivered)
 i - a throwing net
Armour
 b - a +0 scale mail
 c - a +0 buckler (worn)
 h - a +0 chain mail (worn)
 j - a +0 pair of gloves (worn)
Scrolls
 k - a scroll of immolation
Potions
 d - a potion of might
 e - 3 potions of invisibility
 f - a potion of curing
 l - a potion of haste {unknown}
 n - a potion of degeneration {unknown}


   Skills:
 + Level 5.1 Fighting
 + Level 4.7 Axes
 + Level 4.6 Armour
 + Level 4.6 Shields


You had 5 spell levels left.
You didn't know any spells.
Your spell library contained the following spells:

 Spells                   Type           Power      Damage    Failure   Level
 Vhi's Electric Charge    Tloc/Air       0%         N/A       100%        4
 Arcjolt                  Conj/Air       0%         1d10      100%        5
 Maxwell's Capacitive Co  Air            0%         ∞         100%        8


Dungeon Overview and Level Annotations

Branches:
Dungeon (3/15)

Altars:

Annotations:
D:3 2 transporters, D1Gnoll's ghost, amateur TeHu


Message History

You are too injured to fight recklessly!
Unknown command.
You hit the adder.
The adder is lightly wounded.
You slash the adder!
You kill the adder!
You slash the kobold!
You kill the kobold!
You feel sick. The adder barely misses you. You block the gnoll's attack.
The adder bites you.
You slash the adder!
The adder is severely wounded.
You feel sick. The gnoll hits you but does no damage.
The adder barely misses you. The gnoll hits you but does no damage.
The adder barely misses you.
You closely miss the adder.
The adder is severely wounded.
You feel sick. The adder barely misses you.
The gnoll hits you from afar with a +0 halberd!
* * * LOW HITPOINT WARNING * * *
You hit the adder.
You kill the adder!
You feel sick.
You are no longer poisoned.
The gnoll barely misses you.
Unknown command.
The gnoll hits you but does no damage.
Things that are here:
a +0 flail; an adder corpse; a gnoll corpse You slash the gnoll!
The gnoll is heavily wounded.
The gnoll barely misses you. The gnoll hits you with a +0 halberd!
* * * LOW HITPOINT WARNING * * *
You hit the gnoll.
The gnoll is severely wounded.
The gnoll hits you but does no damage.
You closely miss the gnoll.
The gnoll is severely wounded.
The gnoll hits you with a +0 halberd!
You die...

###### ##### #### #....#
##...##...## #.>..#
##).........##
#....######............#
#...............†g......
.............?..@.......
...#########....).......
..##©.....r##...#.......
..#8.#...#S8#..##.#.....
..#...#.#..W#...(.......
..#........r#...#.......
.©#....©...$#©..#.#.....
).#.........#.....#.....
..#...#.#...#..#


You could see D1Gnoll's ghost, a gnoll, an adder, a quokka and a rat.

Vanquished Creatures
  Natasha (thrice) (D:2)
  Terence (D:2)
  5 gnolls (D:3)
  5 adders
  A ribbon worm (D:2)
  An orc (D:3)
  6 bats
  7 endoplasms
  A giant cockroach (D:1)
  5 goblins
  6 hobgoblins
  3 jackals (D:1)
  5 quokkas
  7 ball pythons (D:1)
  A frilled lizard (D:2)
  7 kobolds
  2 rats (D:1)
66 creatures vanquished.

Notes
Turn   | Place    | Note
-------+----------+-------------------------------------------
     0 | D:1      | p00ps00p the Hill Orc Fighter began the quest for the Orb.
     0 | D:1      | Reached XP level 1. HP: 19/19 MP: 1/1
   148 | D:1      | Reached XP level 2. HP: 27/27 MP: 2/2
   341 | D:1      | Reached skill level 4 in Fighting
   396 | D:1      | Reached XP level 3. HP: 27/33 MP: 3/3
  1047 | D:2      | Noticed Natasha
  1061 | D:2      | Killed Natasha
  1062 | D:2      | Reached XP level 4. HP: 30/41 MP: 4/4
  1122 | D:2      | Found a faded altar of an unknown god.
  1136 | D:2      | Noticed Terence
  1147 | D:2      | Killed Terence
  1199 | D:2      | Noticed Natasha
  1207 | D:2      | Killed Natasha
  1208 | D:2      | Reached XP level 5. HP: 42/47 MP: 5/5
  1232 | D:2      | Noticed Natasha
  1241 | D:2      | Killed Natasha
  1747 | D:3      | Noticed D1Gnoll's ghost (amateur TeHu)
  1748 | D:3      | Found a transporter.
  1758 | D:3      | Found a transporter.
  1773 | D:3      | Reached skill level 5 in Fighting
  1880 | D:3      | Reached XP level 6. HP: 28/56 MP: 6/6
  1887 | D:3      | Slain by a gnoll

Illustrated notes

Levels and vault maps discovered:
D:1:      psy_arrival_whirlpool, layout_loops_cross, grunt_decor_mini_mirrors,
          minmay_pentomino_t2
D:2:      layout_loops_cross, basic_ecumenical_altar,
          minmay_misc_feat_secret_circle, uniq_natasha, uniq_terence
D:3:      layout_rooms, gammafunk_ghost_arena

Skill      XL: |  1  2  3  4  5 |
---------------+----------------+-----
Axes           | 3 4 |  4.7
Fighting       | 4 5 |  5.1
Armour         | 4 |  4.6
Shields        | 4 |  4.6

Action                     |  1- 3 |  4- 6 || total
---------------------------+-------+-------++-------
  Melee: War axe           |   111 |    72 ||   183
    Use: Scroll            |     6 |     3 ||     9
 Armour: Scale mail        |    72 |     4 ||    76
         Chain mail        |       |    76 ||    76
  Dodge: Dodged            |    61 |    46 ||   107
  Block: Buckler           |    34 |    22 ||    56

Table legend: (Time is in decaauts)
 A = Elapsed time spent in this place.
 B = Non-inter-level travel time spent in this place.
 C = Inter-level travel time spent in this place.
 D = Time resting spent in this place.
 E = Time spent auto-exploring this place.
 F = Levels seen in this place.
 G = Mean time per level.
                   A        B        C        D        E       F      G
               +--------+--------+--------+--------+--------+-----+--------+
         Total |   1954 |   1844 |    110 |      0 |   1400 |   3 |  651.3 |
       Dungeon |   1954 |   1844 |    110 |      0 |   1400 |   3 |  651.3 |
               +--------+--------+--------+--------+--------+-----+--------+

Top non-repeatable levels by time:
     D:1: 856 daAuts
     D:2: 849 daAuts
     D:3: 249 daAuts
